 Dungeon Crawl Stone Soup version 0.22-b1-59-g0aedee7 (webtiles) character file.

303 Doobh the Bolt Thrower (level 6, -4/37 HPs)
             Began as a Kobold Hunter on Aug 9, 2018.
             Killed from afar by a white imp (8 damage)
             ... with a puff of frost
             ... summoned by Natasha
             ... on level 3 of the Dungeon.
             The game lasted 00:09:23 (3008 turns).

Doobh the Bolt Thrower (Kobold Hunter)              Turns: 3008, Time: 00:09:23

Health: -4/37      AC:  5    Str:  9    XL:     6   Next: 65%
Magic:  6/6        EV: 16    Int: 13    God:
Gold:   101        SH:  0    Dex: 17    Spells: 5/5 levels left

rFire    . . .     SeeInvis .   b - +0 short sword
rCold    . . .     Gourm    .   (shield restricted)
rNeg     . . .     Faith    .   c - +0 leather armour
rPois    .         Spirit   .   p - +0 helmet
rElec    .         Reflect  .   (no cloak)
rCorr    .         Harm     .   (no gloves)
MR       .....                  s - +0 pair of boots
Stlth    ++........             (no amulet)
HPRegen  0.12/turn              (no ring)
MPRegen  0.10/turn              (no ring)

@: no status effects
A: small, carnivore
a: no special abilities


You were on level 3 of the Dungeon.
You were full.

You visited 1 branch of the dungeon, and saw 3 of its levels.

You collected 101 gold pieces.

Inventory:

Hand Weapons
 a - a +1 hand crossbow
 b - a +0 short sword (weapon)
Missiles
 i - 7 bolts
 j - 139 stones
 k - 3 tomahawks (quivered)
Armour
 c - a +0 leather armour (worn)
 p - a +0 helmet (worn)
 s - a +0 pair of boots (worn)
Jewellery
 l - an uncursed amulet of guardian spirit {unknown}
Wands
 t - a wand of enslavement (15)
 z - a wand of flame (29)
Scrolls
 d - 6 scrolls of teleportation {unknown}
 h - 2 scrolls of fog {unknown}
 m - 3 scrolls of remove curse {unknown}
 n - a scroll of immolation {unknown}
 o - a scroll of enchant armour {unknown}
 r - 4 scrolls of identify {unknown}
 u - a scroll of random uselessness {unknown}
 w - a scroll of blinking {unknown}
 x - a scroll of fear {unknown}
 y - a scroll of amnesia {unknown}
 A - a scroll of magic mapping {unknown}
Potions
 e - a potion of ambrosia {unknown}
 g - a potion of resistance {unknown}
 q - 2 potions of curing
 v - 2 potions of brilliance {unknown}
Comestibles
 f - 4 rations


   Skills:
 + Level 3.2 Fighting
 + Level 2.7 Short Blades
 * Level 6.3 Crossbows
 + Level 1.7 Armour
 + Level 3.8 Dodging
 + Level 3.2 Stealth


You had 5 spell levels left.
You didn't know any spells.
Your spell library was empty.

Dungeon Overview and Level Annotations

Branches:
Dungeon (3/15)

Altars:
Cheibriados
Xom

Annotations:
D:3 Natasha


Innate Abilities, Weirdness & Mutations

You are small and have problems with some larger weapons.
You are carnivorous and can eat meat at any time.


Message History

The iron imp disappears in a puff of smoke!
Natasha stares at you and mumbles some strange words.
The magic dart hits you!
The crimson imp shouts, "Remove thy stench, thou bootless limp-willed canker-blossom!"
The crimson imp blinks!
The crimson imp picks up a beetle and eats it.
The crimson imp blinks!
The crimson imp disappears in a puff of smoke!
Natasha mumbles some strange words.
Natasha glows brightly for a moment.
Natasha claws you.
* * * LOW HITPOINT WARNING * * *
Natasha stares at you and mumbles some strange words.
The magic dart hits you!
* * * LOW HITPOINT WARNING * * *
Natasha casts a spell.
There is a stone staircase leading up here.
The white imp gestures at you. The puff of frost hits you!
You die...

.........................##.##.#
.....######.#.######.#.........#
......#####.########.#...##.####
.................[...#...##.#
...........######..###...##.#
#..........##.....5# #...##.#
##.........##.##...###...##.##
##.........#####h........##..##
##........§### #@.........#...#
..........)#_≈###########†#...#
#..........#.##...........#≈..#
#..........#.'..#########.#≈≈.#
#..........#.#### #.#8≈.#
#.##########_≈# #.#≈≈.### ..#
#### #.#≈....# ### ###..##.# .#
######## #...##.#


You could see Natasha and a white imp.

Vanquished Creatures
  A bullfrog (D:3)
  Jessica (D:2)
  Natasha (twice) (D:3)
  4 adders
  2 oozes (D:1)
  3 worms
  2 dart slugs
  4 leopard geckos
  7 orcs (D:3)
  4 giant cockroaches
  13 hobgoblins
  11 jackals
  A ball python (D:1)
  14 bats
  A frilled lizard (D:2)
  9 goblins
  7 kobolds
  A quokka skeleton (D:2)
  8 rats
95 creatures vanquished.

Notes
Turn   | Place    | Note
-------+----------+-------------------------------------------
     0 | D:1      | Doobh the Kobold Hunter began the quest for the Orb.
     0 | D:1      | Reached XP level 1. HP: 12/12 MP: 1/1
    65 | D:1      | Reached XP level 2. HP: 16/17 MP: 2/2
    86 | D:1      | Reached skill level 5 in Crossbows
   435 | D:1      | Reached XP level 3. HP: 22/22 MP: 3/3
   440 | D:1      | Reached skill level 1 in Short Blades
   939 | D:1      | Reached XP level 4. HP: 27/27 MP: 4/4
  1344 | D:2      | Reached skill level 1 in Armour
  1621 | D:2      | Noticed Jessica
  1622 | D:2      | Killed Jessica
  1622 | D:2      | Reached XP level 5. HP: 32/32 MP: 5/5
  2227 | D:3      | Noticed a bullfrog
  2234 | D:3      | Killed a bullfrog
  2234 | D:3      | Reached skill level 6 in Crossbows
  2234 | D:3      | Reached XP level 6. HP: 23/37 MP: 6/6
  2561 | D:3      | Found a shimmering altar of Xom.
  2561 | D:3      | Found a snail-covered altar of Cheibriados.
  2782 | D:3      | Noticed Natasha
  2784 | D:3      | Killed Natasha
  2871 | D:3      | Noticed Natasha
  2924 | D:3      | Killed Natasha
  2953 | D:3      | Noticed Natasha
  3008 | D:3      | Killed from afar by a white imp

Skill      XL: |  1  2  3  4  5  6 |
---------------+-------------------+-----
Crossbows      | 5 6 |  6.3
Short Blades   | 1 2 |  2.7
Stealth        | 2 3 |  3.2
Dodging        | 3 |  3.8
Armour         | 1 |  1.7
Fighting       | 3 |  3.2

Action                   |  1- 3 |  4- 6 || total
-------------------------+-------+-------++-------
Melee: Short sword       |    65 |     1 ||    66
 Fire: Hand crossbow     |    54 |   147 ||   201
Throw: Tomahawk          |     2 |     3 ||     5
       Stone             |       |     1 ||     1
  Eat: Chunk             |     8 |     4 ||    12
Armor: Leather armour    |    16 |    14 ||    30
Dodge: Dodged            |    82 |    45 ||   127
